 Dungeon Crawl Stone Soup version 0.27.1-3-gb3d3a73c9e (webtiles) character file.

Game seed: 16983484370130655808

245 horus123 the Magician (level 5, -1/28 HPs)
             Began as a Deep Elf Hedge Wizard on Oct 30, 2021.
             Succumbed to a scorpion's poison
             ... on level 4 of the Dungeon on Oct 31, 2021.
             The game lasted 00:15:05 (4568 turns).

horus123 the Magician (Deep Elf Hedge Wizard)       Turns: 4568, Time: 00:15:06

Health: -1/28      AC:  4    Str:  7    XL:     5   Next: 83%
Magic:  2/14       EV: 12    Int: 20    God:
Gold:   104        SH:  5    Dex: 14    Spells: 0/14 levels left

rFire    . . .     SeeInvis .   a - +0 dagger
rCold    . . .     Faith    .   (no shield)
rNeg     . . .     Spirit   .   b - +0 robe
rPois    .         Reflect  +   c - +0 hat
rElec    .         Harm     .   (no cloak)
rCorr    .         Rampage  .   (no gloves)
Will     .....                  j - +1 pair of boots
Stlth    ++........             d - amulet of reflection
HPRegen  0.09/turn              (no ring)
MPRegen  0.14/turn              (no ring)

@: lethally poisoned (-1 -> -16)
A: no striking features
a: no special abilities


You were on level 4 of the Dungeon.
You visited 1 branch of the dungeon, and saw 4 of its levels.

You collected 104 gold pieces.

Inventory:

Hand Weapons
 a - a +0 dagger (weapon)
Armour
 b - a +0 robe (worn)
 c - a +0 hat (worn)
 j - a +1 pair of boots (worn)
Jewellery
 d - an amulet of reflection (around neck)
Scrolls
 g - a scroll of enchant weapon {unknown}
 l - a scroll of blinking
Potions
 e - a potion of berserk rage {unknown}
 f - a potion of degeneration {unknown}
 h - a potion of lignification {unknown}
 i - a potion of brilliance
 k - a potion of curing {unknown}


   Skills:
 - Level 2.4 Dodging
 - Level 2.6 Stealth
 - Level 5.4 Spellcasting
 - Level 3.5 Conjurations
 - Level 2.0 Hexes
 + Level 4.2 Summonings
 - Level 1.1 Translocations


You couldn't memorise any spells.
You knew the following spells:

 Your Spells              Type           Power      Damage    Failure   Level
a - Magic Dart            Conj           76%        1d6       2%          1
b - Slow                  Hex            13%        N/A       8%          2
c - Call Imp              Summ           22%        N/A       3%          2
d - Blink                 Tloc           N/A        N/A       11%         2
e - Conjure Flame         Conj/Fire      12%        6-21      16%         3
f - Mephitic Cloud        Conj/Pois/Air  10%        N/A       21%         3
g - Summon Small Mammal   Summ           88%        N/A       1%          1

Your spell library contained the following spells:

 Spells                   Type           Power      Damage    Failure   Level
 Corona                   Hex            14%        N/A       4%          1
 Apportation              Tloc           18%        N/A       7%          1
 Animate Skeleton         Necr           10%        N/A       11%         1


Dungeon Overview and Level Annotations

Branches:
Dungeon (4/15)
 Temple: D:4-7

Altars:

Shops:
D:3 (   D:4 [


Message History

Confirm with . or Enter, or press ? or * to list all spells.
The scorpion barely misses you. The howler monkey hits you.
You swap places.
The scorpion stings your quokka.
Your quokka is poisoned.
The scorpion poisons your quokka!
The howler monkey barely misses your quokka.
Your quokka bites the howler monkey.
Your shadow imp barely misses the howler monkey.
Your quokka dies!
Your quokka's corpse disappears in a puff of smoke!
The scorpion stings your shadow imp!
Your crimson imp hits the black bear.
The howler monkey hits your shadow imp.
Your shadow imp dies!
The howler monkey hoots and howls with incredible vigour!
Your crimson imp blinks!
The scorpion barely misses you.
You swap places.
Your crimson imp hits the scorpion.
The scorpion stings you.
You are poisoned.
The scorpion poisons you! The kobold barely misses you.
The howler monkey misses your crimson imp.
You feel very sick.
Your crimson imp hits the kobold.
The kobold hits your crimson imp but does no damage.
The howler monkey barely misses your crimson imp.
The scorpion stings you.
You are lethally poisoned!
The scorpion poisons you!
Unknown command.
* * * LOW HITPOINT WARNING * * *
You feel very sick.
The kobold closely misses your crimson imp.
The howler monkey barely misses your crimson imp.
The black bear barely misses you. The black bear completely misses you.
The black bear closely misses you.
Your crimson imp hits the endoplasm.
* * * LOW HITPOINT WARNING * * *
You feel very sick. The endoplasm hits your crimson imp.
The kobold misses your crimson imp.
Your crimson imp hits the endoplasm.
The endoplasm dies!
You die...

#.......#.........+..........#
...#5.hJ.#†.......#..........#
.....#...##J.#######...<.....#
.#....#.K##..##...##........>#
#...#...#.'............#####+#
..#..#...##..##...##...##....#
#. .#.#.# #'###+####...##....#
##.##.###..##...##.........# ##
.##+[.....@............# .
#........#.#..#...#.#
##..##hs.#.#......#.#
###########..##...#.##....##.##
.'....'...#....K..#.##....##..#
.#....#...#....5h.#..##..##...#
##....#...#.......#..##..##...#
.#....#..##########...####....#
.#....#..#............####....#


You could see a black bear, a scorpion, a howler monkey, a kobold and a friendly
crimson imp (summoned).

Vanquished Creatures
  An ice beast (D:3)
  3 dart slugs (D:1)
  3 orcs (D:3)
  7 ball pythons
  2 bats
  5 endoplasms
  2 giant cockroaches (D:1)
  2 goblins (D:3)
  A jackal (D:1)
  2 quokkas
  2 frilled lizards
  5 kobolds
  3 rats
38 creatures vanquished.

Vanquished Creatures (collateral kills)
  A water moccasin (D:4)
  2 orc priests (D:2)
  An orc wizard (D:3)
  3 gnolls
  An adder (D:3)
  4 dart slugs
  4 orcs
  A bat (D:2)
  6 endoplasms
  2 giant cockroaches (D:3)
  3 goblins
  A hobgoblin (D:3)
  3 jackals (D:1)
  2 quokkas
  A kobold (D:4)
  A rat (D:3)
36 creatures vanquished.

Grand Total: 74 creatures vanquished

Notes
Turn   | Place    | Note
-------+----------+-------------------------------------------
     0 | D:1      | horus123 the Deep Elf Hedge Wizard began the quest for the
                  | Orb.
     0 | D:1      | Reached XP level 1. HP: 10/10 MP: 7/7
   143 | D:1      | Reached skill level 5 in Spellcasting
   218 | D:1      | Reached XP level 2. HP: 15/15 MP: 10/10
   229 | D:1      | Learned a level 2 spell: Slow
   232 | D:1      | Learned a level 2 spell: Call Imp
   235 | D:1      | Learned a level 2 spell: Blink
   535 | D:1      | Reached skill level 1 in Hexes
   840 | D:1      | Reached XP level 3. HP: 19/19 MP: 4/11
  1510 | D:1      | Learned a level 3 spell: Conjure Flame
  2173 | D:2      | Reached XP level 4. HP: 24/24 MP: 0/13
  2410 | D:2      | Learned a level 3 spell: Mephitic Cloud
  2675 | D:2      | Found a faded altar of an unknown god.
  3341 | D:3      | Found Itih's Weapon Shop.
  3772 | D:3      | Reached XP level 5. HP: 26/28 MP: 7/14
  3918 | D:3      | Noticed an ice beast
  3994 | D:3      | Killed an ice beast
  4121 | D:4      | Noticed a water moccasin
  4135 | D:4      | Killed a water moccasin
  4239 | D:4      | Learned a level 1 spell: Summon Small Mammal
  4309 | D:4      | Found Nyda's Antique Armour Emporium.
  4548 | D:4      | Noticed a black bear
  4568 | D:4      | Succumbed to a scorpion's poison

Illustrated notes

Levels and vault maps discovered:
D:1:      heliophobic_arrival_henge, layout_rooms, dk_noncrumbling_2
D:2:      layout_basic, ebering_ecumenical_altar_box
D:3:      layout_basic, cheibrodos_sewer_entry_drain, serial_shops,
          nicolae_shop_window_shopping
D:4:      layout_gridville, serial_shops, nicolae_shop_behind_doors,
          minmay_misc_feat_x, minmay_increasing_density

Skill      XL: |  1  2  3  4  5 |
---------------+----------------+-----
Spellcasting   | 5 |  5.4
Hexes          | 2 |  2.0
Summonings     | 3 4 |  4.2
Conjurations   | 2 3 |  3.5
Dodging        | |  2.4
Stealth        | |  2.6
Translocations | |  1.1

Action                   |  1- 3 |  4- 6 || total
-------------------------+-------+-------++-------
Melee: Dagger            |    10 |    31 ||    41
 Cast: Magic Dart        |    71 |    36 ||   107
       Call Imp          |    15 |    58 ||    73
       Slow              |     2 |     2 ||     4
       Summon Small Mamm |       |     5 ||     5
  Use: Scroll            |     2 |     3 ||     5
       Potion            |       |     1 ||     1
 Stab: Sleeping          |     2 |       ||     2
       Distracted        |       |     1 ||     1
Armor: Robe              |     6 |    14 ||    20
Dodge: Dodged            |    28 |    41 ||    69
Block: Other             |       |     7 ||     7
